 Dungeon Crawl Stone Soup version 0.13-a0-2995-g9a84c3d (webtiles) character file.

2123 4tharraofdagon the Martial Artist (level 8, -3/66 HPs)
             Began as a Djinni Monk on Sept 8, 2013.
             Was a Priest of Makhleb.
             Killed by divine providence
             ... invoked by an orc priest
              (12 damage)
             ... on Level 10 of the Dungeon.
             The game lasted 00:21:41 (4348 turns).

4tharraofdagon the Martial Artist (Djinni Monk)     Turns: 4348, Time: 00:21:41

HP  -3/66        AC 15     Str 14      XL: 8   Next: 99%
MP   0/0         EV  2     Int 10      God: Makhleb [***...]
Gold 166         SH  0     Dex 16      Spells:  0 memorised,  7 levels left

Res.Fire  : + + +   See Invis. : .     - Unarmed
Res.Cold  : x . .   Warding    : .   e - +1 dwarf plate armour
Life Prot.: + + +   Conserve   : .   (no shield)
Res.Poison: .       Res.Corr.  : .   (no helmet)
Res.Elec. : .       Clarity    : .   i - +2 cloak
Sust.Abil.: . .     Spirit.Shd : .   j - +0 pair of orc gauntlets
Res.Mut.  : .       Stasis     : .   (boots unavailable)
Res.Rott. : .       Flight     : .   (no amulet)
Saprovore : . . .                    (no ring)
                                     (no ring)

@: slightly resistant to hostile enchantments, extremely unstealthy
A: fire immunity, cold vulnerability, life protection 3
a: Minor Destruction, Lesser Servant of Makhleb, Renounce Religion


You were on level 10 of the Dungeon.
You worshipped Makhleb.
Makhleb was greatly pleased with you.
You were not hungry.

You visited 2 branches of the dungeon, and saw 11 of its levels.

You collected 365 gold pieces.
You spent 199 gold pieces at shops.

Inventory:

Hand weapons
 g - a +0,+1 flail
 z - a +1,+2 spear (quivered)
 A - a +0,+0 spear
 B - a +0,+0 halberd
Missiles
 t - 6 needles of slowing
 v - 6 curare-tipped needles
Armour
 a - a +0 robe
 e - a +1 dwarven plate armour (worn)
 h - a +0 large shield
 i - a +2 cloak (worn)
 j - a +0 pair of orcish gauntlets (worn)
Magical devices
 n - a wand of draining (0)
 q - a wand of paralysis (0)
Scrolls
 c - 2 scrolls of enchant armour {unknown}
 d - a scroll of curse weapon {unknown}
 k - 2 scrolls of fog {unknown}
 m - 4 scrolls of magic mapping
 p - a scroll of enchant weapon II {unknown}
 r - 2 scrolls of teleportation
 y - a scroll of identify
 C - a scroll of recharging
 D - 3 scrolls of remove curse
Jewellery
 b - an uncursed ring of fire
Potions
 f - a potion of slowing
 l - 3 potions of cure mutation
 o - a potion of berserk rage
 s - a potion of poison
 u - a potion of confusion
 x - 2 potions of curing


   Skills:
 + Level 6.3 Fighting
 - Level 2.6 Dodging
 - Level 1.5 Stealth
 * Level 9.2 Unarmed Combat
 + Level 3.8 Invocations


You had 7 spell levels left.
You didn't know any spells.

Dungeon Overview and Level Annotations

Branches:
Dungeon (10/27)            Temple (1/1) D:7
    Orc: D:6-11        Lair: D:8-13

Altars:
Ashenzari
Cheibriados
Elyvilon
Fedhas
Kikubaaqudgha
Makhleb
Nemelex Xobeh
Okawaru
Sif Muna
Trog
Vehumet
Xom
Yredelemnul
Zin
the Shining One

Shops:
D:6 /(**   D:7 *   D:8 ?

Annotations:
D:6 Ladykiller69's ghost, experienced DgWz


Innate Abilities, Weirdness & Mutations

You are immune to all types of fire, even holy and hellish.
You are vulnerable to cold.
You need no food.
You have no legs.
You are immune to negative energy.


Message History

Makhleb accepts your kill.
You feel a little better.
Your orange demon stings the orc wizard but does no damage.
Your orange demon hits the orc wizard.
Unknown command.
Evoke which item? (* to show all) (? for menu, Esc to quit)
Zapping:
n - a wand of draining {zapped: 4}
Press: ? - help, Shift-Dir - straight line, f/p - hill giant
Aim: a hill giant, wielding a giant club (moderately wounded) Nothing appears to happen.
Your orange demon completely misses the orc wizard.
The hill giant hits you with a giant club!
* * * LOW HITPOINT WARNING * * *
Your magical contamination has completely faded away.
Unknown command.
Evoke which item? (* to show all) (? for menu, Esc to quit)
Okay, then.
The orc priest mumbles some strange prayers to Beogh against you.
Something smites you!
You die...

#..........%............##.
#####.##......o#.#..........##.
#.........<#.o.#.#..........##.
#..............................
###..........#.4.#.#..........###
..............................#
#######)......OCo.............#
#######.%........#.#..........#
................@.)#..........#
#######..........###.....<....#
#..........# ############
#..........# #.......####
#########


You could see a hill giant, an ogre, an orc priest, an orc wizard, an orc and a
friendly orange demon.

Vanquished Creatures
  A hungry ghost (D:7)
  A hippogriff (Temple)
  A steam dragon (D:7)
  2 black bears (D:8)
  A phantom (D:9)
  2 sky beasts
  A giant frog (D:7)
  3 ogres
  An orc warrior (D:6)
  A hippogriff skeleton (D:6)
  2 hounds
  4 crimson imps
  3 orc priests
  A scorpion (D:7)
  2 giant frog skeletons
  An orc wizard (D:7)
  A worker ant (D:4)
  3 adders
  4 gnolls (D:9)
  An inept item mimic (D:5)
  2 giant mites
  A worm (D:8)
  An iguana skeleton (D:4)
  A giant eyeball (D:7)
  A giant gecko (D:4)
  19 orcs
  2 ball pythons
  A bat skeleton (D:6)
  4 goblins
  4 hobgoblins
  3 jackals (Temple)
  An ooze (D:4)
  6 bats
  3 giant cockroaches
  A giant newt (D:1)
  A hobgoblin zombie (D:7)
  12 kobolds
  3 rats
  6 ballistomycetes (D:6)
108 creatures vanquished.

Vanquished Creatures (collateral kills)
  An orc wizard (D:10)
1 creature vanquished.

Vanquished Creatures (others)
  A hound (D:6)
  2 giant spores (D:6)
3 creatures vanquished.

Grand Total: 112 creatures vanquished

Notes
Turn   | Place    | Note
--------------------------------------------------------------
     0 | D:1      | 4tharraofdagon, the Djinni Monk, began the quest for the Orb.
     0 | D:1      | Reached XP level 1. HP: 14/14 MP: 0/0
   222 | D:2      | Reached skill level 4 in Unarmed Combat
   222 | D:2      | Reached XP level 2. EP: 8/20
   477 | D:3      | Reached XP level 3. EP: 27/27
   748 | D:5      | Entered Level 5 of the Dungeon
   851 | D:5      | Reached XP level 4. EP: 12/33
  1007 | D:5      | Reached skill level 5 in Unarmed Combat
  1141 | D:6      | Noticed Ladykiller69's ghost (experienced DgWz)
  1160 | D:6      | Found Joel's Weapon Shoppe.
  1177 | D:6      | Reached XP level 5. EP: 13/40
  1305 | D:6      | Found Schiq's General Store.
  1309 | D:6      | Noticed an orc warrior
  1332 | D:6      | Found Bieqoi's Assorted Antiques.
  1336 | D:6      | Bought a sedimented silvery potion for 29 gold pieces
  1336 | D:6      | Bought a viscous red potion for 29 gold pieces
  1350 | D:6      | Noticed an ogre
  1400 | D:6      | Killed an ogre
  1401 | D:6      | Killed an orc warrior
  1444 | D:6      | Found Zaddae's Magical Wand Boutique.
  1508 | D:6      | Reached XP level 6. EP: 28/47
  1656 | D:5      | Reached skill level 6 in Unarmed Combat
  1797 | D:4      | Noticed an ogre
  1806 | D:4      | Killed an ogre
  2428 | D:6      | Reached XP level 7. EP: 53/53
  2475 | D:6      | Reached skill level 7 in Unarmed Combat
  2629 | D:7      | Noticed a hungry ghost
  2642 | D:7      | Killed a hungry ghost
  2642 | D:7      | Reached skill level 5 in Fighting
  2645 | D:7      | Noticed a hippogriff
  2646 | D:7      | Noticed a sky beast
  2665 | D:7      | Found a staircase to the Ecumenical Temple.
  2673 | Temple   | Entered the Ecumenical Temple
  2709 | Temple   | Became a worshipper of Makhleb the Destroyer
  2709 | Temple   | Acquired Makhleb's first power
  2709 | Temple   | Acquired Makhleb's second power
  2731 | Temple   | Killed a hippogriff
  2989 | Temple   | Killed a sky beast
  3016 | D:7      | Noticed a steam dragon
  3033 | D:7      | Killed a steam dragon
  3033 | D:7      | Reached skill level 8 in Unarmed Combat
  3033 | D:7      | Reached skill level 1 in Invocations
  3033 | D:7      | Reached XP level 8. EP: 52/62
  3067 | D:7      | Noticed an ice beast
  3111 | D:6      | Bought a scroll of recharging for 66 gold pieces
  3174 | D:7      | Found Qenkil's General Store.
  3250 | D:7      | Bought a potion of confusion for 15 gold pieces
  3320 | D:7      | Paralysed by a giant eyeball for 4 turns
  3327 | D:7      | Noticed a giant frog
  3338 | D:7      | Killed a giant frog
  3364 | D:7      | Noticed an ogre
  3372 | D:7      | Killed an ogre
  3442 | D:8      | Found Xerohur's Magic Scroll Shop.
  3446 | D:8      | Bloax: did the gargoyle die
  3451 | D:8      | Bought a scroll of teleportation for 36 gold pieces
  3451 | D:8      | Bought a scroll of identify for 24 gold pieces
  3453 | D:8      | Vidiiot: The GrMo?
  3453 | D:8      | 4tharraofdagon: oh
  3453 | D:8      | Vidiiot: It ascended
  3453 | D:8      | Vidiiot: 37k turns I think
  3457 | D:8      | 4tharraofdagon: ye
  3457 | D:8      | 4tharraofdagon: managed to win
  3457 | D:8      | Bloax: 159. 4tharraofdagon the Petrodigitator (L27 GrMo), worshipper of Makhleb, escaped with the Orb and 15 runes on 2013-09-06 23:36:57, with 38737863 points after 37638 turns and 10:05:34.
  3457 | D:8      | Bloax: nice
  3457 | D:8      | Vidiiot: Yeah
  3457 | D:8      | Vidiiot: It was really good.
  3457 | D:8      | NOPE: NOPE
  3457 | D:8      | Bloax: oh hey NOPE
  3457 | D:8      | NOPE: YO BLOAXSTER
  3457 | D:8      | Bloax: http://zandronum.com/forum/showthread.php?tid=3408
  3457 | D:8      | Bloax: what do you call it when you post a thread
  3457 | D:8      | Bloax: 7 months late
  3587 | D:8      | Found a bloodstained altar of Trog.
  3588 | D:8      | NOPE: are you a cat irl
  3615 | D:8      | Bloax: (no)
  3699 | D:8      | NOPE: sry for offending you bloax
  3721 | D:8      | Acquired Makhleb's third power
  3866 | D:9      | Reached skill level 9 in Unarmed Combat
  3977 | D:9      | Bloax: u hab offend my honor
  3991 | D:9      | Bloax: prepare 2 daikatana
  4002 | D:9      | You fall through a shaft!
  4002 | D:10     | Entered Level 10 of the Dungeon
  4328 | D:10     | Noticed a hill giant
  4343 | D:10     | NOPE: LOT OF LARGE MANS
  4348 | D:10     | Killed from afar by an orc priest

Action                   |  1- 3 |  4- 6 |  7- 9 || total
-------------------------+-------+-------+-------++-------
Melee: Unarmed           |   109 |   218 |   278 ||   605
Invok: Minor Destruction |       |       |     5 ||     5
       Lesser Servant of |       |       |     1 ||     1
Evoke: Wand              |     1 |     4 |    13 ||    18
  Use: Potion            |     1 |     2 |     1 ||     4
       Scroll            |       |     7 |     6 ||    13
 Stab: Sleeping          |     1 |       |       ||     1
       Paralysed         |       |       |    14 ||    14
